[Event "Team 45 45 League T57"]
[Site "Internet Chess Club"]
[Date "2013.05.24"]
[Round "1"]
[White "Nxs123"]
[Black "arconia"]
[Result "1-0"]
[WhiteElo "1488"]
[BlackElo "1326"]
[Opening "Sicilian: Taimanov variation"]
[ECO "B46"]
[Time "19:00:04"]
[TimeControl "2700+45"]

1. e4 c5 2. Nf3 Nc6 3. d4 cxd4 4. Nxd4 e6 5. Nc3 a6 6. Bc4 Nf6 7. Bg5 Bc5 8.
Nxc6 bxc6 9. e5 h6 10. exf6 hxg5 11. fxg7 Rg8 12. Ne4 Qe7 13. Qh5 Rxg7 14. Qh8+
Qf8 15. Nf6+ Ke7 16. Qxf8+ Kxf8 17. Bd3 Ke7 18. Nh5 Rg8 19. Ng3 f5 20. O-O d5
21. Rfe1 Kd6 22. c4 Bb7 23. Rab1 Rh8 24. b4 Bd4 25. c5+ Kc7 26. Ne2 Bf6 27. Ng3
Rae8 28. a4 f4 29. Nf1 e5 30. f3 g4 31. b5 cxb5 32. axb5 axb5 33. Bxb5 Bc6 34.
Bxc6 Kxc6 35. Rb6+ Kxc5 36. Rxf6 g3 37. hxg3 fxg3 38. Nxg3 d4 39. Rc1+ Kd5 40.
Ne4 d3 41. Rd6# {Black checkmated} 1-0

[Event "Team 45 45 League T57"]
[Site "Internet Chess Club"]
[Date "2013.05.25"]
[Round "1"]
[White "RockingCHESS"]
[Black "rhayder"]
[Result "0-1"]
[WhiteElo "1067"]
[BlackElo "1357"]
[Opening "Queen's pawn game"]
[ECO "A46"]
[Time "16:02:08"]
[TimeControl "2700+45"]

1. d4 Nf6 2. Nf3 d6 3. e3 g6 4. Bd3 Bg7 5. O-O O-O 6. c4 Nbd7 7. Nbd2 c5 8. Nb3
cxd4 9. Nbxd4 Nc5 10. b4 Nxd3 11. Qxd3 b6 12. Nc6 Qd7 13. b5 Bb7 14. Nfd4 e5 15.
Nf3 Bxc6 16. bxc6 Qxc6 17. Qe2 Rac8 18. Bb2 Qxc4 19. Qxc4 Rxc4 20. Rac1 Rfc8 21.
Rc3 Rxc3 22. Bxc3 Rxc3 23. h3 Ne4 24. g3 Rc2 25. a4 Ra2 26. Rc1 Rxa4 27. Rc8+
Bf8 28. Ne1 Ra1 29. Kf1 Ng5 30. f4 Nf3 31. Ke2 Nxe1 32. fxe5 dxe5 33. Kd2 Nf3+
34. Kc2 Ra2+ 35. Kb3 Re2 36. Kc4 Rc2+ 37. Kb5 Rxc8 38. Ka6 Rc7 39. Kb5 Bc5 40.
Ka4 Bxe3 41. g4 a5 42. Ka3 b5 43. Ka2 a4 44. Ka1 Bd4+ 45. Ka2 b4 46. Kb1 Nd2+
47. Ka2 a3 48. h4 b3+ 49. Kxa3 b2 50. Ka2 Rb7 51. g5 b1=Q+ 52. Ka3 Ra7# {White
checkmated} 0-1

[Event "Team 45 45 League T57"]
[Site "Internet Chess Club"]
[Date "2013.05.23"]
[Round "1"]
[White "oldbookseller"]
[Black "MasterD"]
[Result "0-1"]
[WhiteElo "968"]
[BlackElo "1245"]
[Opening "Queen's pawn game"]
[ECO "D02"]
[Time "16:30:37"]
[TimeControl "2700+45"]

1. d4 d5 2. Nf3 e6 3. e3 c6 4. Bd3 Nf6 5. O-O Bd6 6. g3 O-O 7. Nbd2 Nbd7 8. a3
b6 9. c3 Qc7 10. b4 b5 11. Ng5 h6 12. Ndf3 hxg5 13. Nxg5 Re8 14. Bh7+ Nxh7 15.
Nxh7 Kxh7 16. Qh5+ Kg8 17. Bd2 Nf6 18. Qh4 Bb7 19. Rae1 Kf8 20. e4 Nxe4 21. Qh8+
Ke7 22. Qh4+ Kd7 23. Be3 Rh8 24. Qg4 Rh7 25. f3 Nxc3 26. f4 Rah8 27. f5 Rxh2 28.
fxe6+ Kd8 29. Bg5+ Be7 30. exf7 Rh1+ 31. Kf2 Ne4+ 32. Kf3 Nxg5+ 33. Ke2 Bc8 34.
f8=Q+ Bxf8 35. Qxg5+ Qe7+ 36. Qe3 R8h2+ 37. Kd1 Qxe3 38. Rxf8+ Kc7 39. Rf7+ Kb8
40. Rff1 Bg4+ {White resigns} 0-1

[Event "Team 45 45 League T57"]
[Site "Internet Chess Club"]
[Date "2013.05.26"]
[Round "1"]
[White "Tribe97"]
[Black "AtomicDog"]
[Result "1-0"]
[WhiteElo "1239"]
[BlackElo "1329"]
[Opening "English, 1...Nf6 (Anglo-Indian defense)"]
[ECO "A15"]
[Time "16:00:25"]
[TimeControl "2700+45"]

1. c4 Nf6 2. g3 c6 3. Bg2 d5 4. Nf3 g6 5. cxd5 Nxd5 6. Nc3 Bg7 7. O-O O-O 8. d3
Nd7 9. Nxd5 cxd5 10. Rb1 Nf6 11. b3 e6 12. Bb2 b6 13. Re1 Ba6 14. e4 dxe4 15.
dxe4 Rc8 16. Ne5 Re8 17. h3 Re7 18. Qxd8+ Rxd8 19. Nc6 Red7 20. Nxd8 Rxd8 21.
Red1 Rc8 22. Rbc1 Rb8 23. Rc7 Bb7 24. Bxf6 {Black resigns} 1-0

[Event "Team 45 45 League T57"]
[Site "Internet Chess Club"]
[Date "2013.05.29"]
[Round "1"]
[White "Fogbound"]
[Black "kabubi"]
[Result "1/2-1/2"]
[WhiteElo "1256"]
[BlackElo "1121"]
[Opening "Queen's bishop game"]
[ECO "D00"]
[Time "14:31:39"]
[TimeControl "2700+45"]

1. d4 d5 2. Bf4 Nf6 3. Nf3 Nc6 4. e3 Bf5 5. Bd3 Ne4 6. O-O e6 7. c3 Bd6 8. Ne5
Bxe5 9. dxe5 Nc5 10. Bxf5 exf5 11. f3 Ne6 12. Bg3 Qg5 13. f4 Qh6 14. Na3 O-O-O
15. Qc2 Qg6 16. Rad1 Qg4 17. Qf2 h5 18. h3 Qg6 19. h4 Ne7 20. Nb5 a6 21. Nd4 Ng8
22. Qe1 Nc5 23. b4 Ne4 24. Rf3 Qg4 25. e6 fxe6 26. Nxe6 Rd6 27. Ng5 Nxg5 28.
fxg5 Qc4 29. Bxd6 cxd6 30. Rxf5 Ne7 31. Rf4 Qxa2 32. Qf1 Qc2 33. Rf7 Nc6 34.
Rxd5 Qxc3 35. Rf8+ Rxf8 36. Qxf8+ Nd8 37. Qxd6 Qe1+ 38. Kh2 Qxh4+ 39. Kg1 Qe1+
40. Kh2 Qh4+ 41. Kg1 Qe1+ 42. Kh2 Qh4+ 43. Kg1 Qe1+ {Game drawn by repetition}
1/2-1/2

[Event "Team 45 45 League T57"]
[Site "Internet Chess Club"]
[Date "2013.05.24"]
[Round "1"]
[White "wildangels"]
[Black "rapidfire"]
[Result "1-0"]
[WhiteElo "1087"]
[BlackElo "1128"]
[Opening "Sicilian defense"]
[ECO "B20"]
[Time "19:00:11"]
[TimeControl "2700+45"]

1. e4 c5 2. d3 Nc6 3. Nd2 Nf6 4. g3 g6 5. Bg2 Bg7 6. Ngf3 O-O 7. O-O d6 8. c3 b5
9. a3 a6 10. Re1 Bb7 11. Ng5 Ne5 12. Qe2 Qd7 13. d4 Neg4 14. Bh3 h6 15. e5 dxe5
16. dxe5 Qc6 17. exf6 Bxf6 18. Nde4 Ne5 19. Nxf6+ exf6 20. Ne4 Rfe8 21. Bxh6 Nc4
22. Bg2 Rad8 23. Qg4 f5 24. Qg5 Rd6 25. Nf6+ Rxf6 26. Bxc6 Rxc6 27. Rxe8+ Kh7
28. Rd1 Nd6 29. Re7 Kg8 30. Qf6 {Black resigns} 1-0

[Event "Team 45 45 League T57"]
[Site "Internet Chess Club"]
[Date "2013.06.01"]
[Round "1"]
[White "xt"]
[Black "zap2"]
[Result "1-0"]
[WhiteElo "1724"]
[BlackElo "1789"]
[Opening "King's pawn opening"]
[ECO "B07"]
[Time "11:05:53"]
[TimeControl "2700+45"]

1. e4 d6 2. Bc4 Nf6 3. Nc3 e5 4. h3 g6 5. d3 Bg7 6. Nf3 Nbd7 7. Bg5 h6 8. Be3
O-O 9. Qd2 Kh7 10. Nh2 c6 11. Ng4 Ng8 12. f4 h5 13. fxe5 Nxe5 14. Nxe5 dxe5 15.
O-O-O b5 16. Bb3 a5 17. a4 b4 18. Ne2 Bh6 19. g4 Bxe3 20. Qxe3 h4 21. Qc5 Qe7
22. Qxc6 Bd7 23. Qb6 Rfc8 24. Rhf1 Be6 25. Bxe6 fxe6 26. Rf3 Rc5 27. Rf7+ Qxf7
28. Qxc5 Qf3 29. Ng1 Qf4+ 30. Kb1 Kh6 31. Qc6 Rf8 32. Qxe6 Kg5 33. Qd5 Qh2 34.
Qxg8 Qxg1 35. Qxg6+ Kxg6 36. Rxg1 Rf3 37. Rh1 Kg5 38. Kc1 Kf4 39. Kd1 Kg3 40. g5
Kg2 41. Ke2 Rg3 42. Rf1 Rxg5 43. Rf5 Rg3 44. Rxe5 Kxh3 45. Rf5 Kg4 46. Kf2 Rh3
47. Kg2 Re3 48. Kf2 Rg3 49. d4 Rh3 50. d5 Rh2+ 51. Kg1 Re2 52. d6 Rxe4 53. Rd5
Re8 54. d7 Rd8 55. Kg2 h3+ 56. Kh2 Kf4 57. c4 bxc3 58. bxc3 Kg4 59. c4 Kf4 60.
Kxh3 Ke4 61. Kg4 Rg8+ 62. Kh5 Rd8 63. Kg6 Kf4 64. Kf7 {Black resigns} 1-0

[Event "Team 45 45 League T57"]
[Site "Internet Chess Club"]
[Date "2013.05.24"]
[Round "1"]
[White "knightstormala"]
[Black "Warpdrive"]
[Result "1-0"]
[WhiteElo "1822"]
[BlackElo "1713"]
[Opening "King's Indian: Averbakh, 6...c5"]
[ECO "E74"]
[Time "20:01:03"]
[TimeControl "2700+45"]

1. d4 Nf6 2. c4 g6 3. Nc3 Bg7 4. e4 d6 5. Be2 O-O 6. Bg5 c5 7. d5 h6 8. Bf4 a6
9. Qd2 Kh7 10. f3 Bd7 11. g4 Ng8 12. Bd3 Qa5 13. Nge2 b5 14. h4 bxc4 15. Bxc4
Bb5 16. Bxb5 axb5 17. Ng3 Nd7 18. h5 Ne5 19. Bxe5 Bxe5 20. f4 Bg7 21. g5 b4 22.
Nd1 b3 23. Qxa5 Rxa5 24. a3 Ra4 25. Rc1 f6 26. hxg6+ Kxg6 27. f5+ Kxg5 28. Nf2
Kf4 29. Rc3 Rf7 30. Rh4+ Kg5 31. Rg4# {Black checkmated} 1-0

[Event "Team 45 45 League T57"]
[Site "Internet Chess Club"]
[Date "2013.05.25"]
[Round "1"]
[White "oldsj"]
[Black "bayoumicardio10"]
[Result "1-0"]
[WhiteElo "1574"]
[BlackElo "1641"]
[Opening "Pirc: Austrian attack, dragon formation"]
[ECO "B09"]
[Time "17:00:38"]
[TimeControl "2700+45"]

1. e4 d6 2. d4 Nf6 3. Nc3 g6 4. f4 Bg7 5. Nf3 c5 6. dxc5 Qa5 7. Bd2 Qxc5 8. Bb5+
Bd7 9. Qe2 Bxb5 10. Qxb5+ Nbd7 11. e5 dxe5 12. Nxe5 a6 13. Qxc5 Nxc5 14. O-O-O
Rd8 15. Rhe1 O-O 16. h3 Ncd7 17. Nd3 e6 18. g4 Nb6 19. Be3 Nfd5 20. Bc5 Rfe8 21.
Nxd5 Nxd5 22. c4 Ne7 23. Ne5 Rxd1+ 24. Rxd1 Bxe5 25. fxe5 Nc6 26. Bd6 Rd8 27. b4
Rc8 28. a3 Rd8 29. Kc2 Kg7 30. g5 h6 31. h4 hxg5 32. hxg5 Rh8 33. b5 axb5 34.
cxb5 Na5 35. Bb4 Nc4 36. Bd6 Ne3+ 37. Kd2 Nxd1 38. Kxd1 Rh3 39. Kc2 Rf3 40. Be7
Rf5 41. Bf6+ Kf8 42. Kb3 Ke8 43. Kb4 b6 44. a4 Rf4+ 45. Kb3 Kd7 46. Ka3 Kc7 47.
Kb3 Kd7 48. Ka2 Rxf6 49. exf6 e5 50. Kb3 Kd6 51. Kc4 e4 52. Kd4 e3 53. Kxe3 Kc5
54. Ke4 Kb4 55. Kd5 Kxa4 56. Kd6 Kxb5 57. Ke7 Ka4 58. Kxf7 b5 59. Kg7 b4 60. f7
b3 61. f8=Q b2 62. Qa8+ Kb3 63. Qb7+ Kc2 64. Qxb2+ {Black resigns} 1-0

[Event "Team 45 45 League T57"]
[Site "Internet Chess Club"]
[Date "2013.05.24"]
[Round "1"]
[White "akshayk06"]
[Black "mongmong"]
[Result "0-1"]
[WhiteElo "1502"]
[BlackElo "1563"]
[Opening "Neo-Indian (Seirawan) attack"]
[ECO "E00"]
[Time "21:30:12"]
[TimeControl "2700+45"]

1. c4 e6 2. d4 Nf6 3. Bg5 h6 4. Bh4 b6 5. e3 Bb7 6. Nf3 Be7 7. Bd3 c5 8. O-O O-O
9. Nc3 cxd4 10. exd4 d5 11. cxd5 Nxd5 12. Bxe7 Nxe7 13. Bc2 Nd5 14. Qd3 g6 15.
Ne5 Qf6 16. Ne4 Qf5 17. Qg3 Qf4 18. Qh3 Nb4 19. g3 Qf5 20. Qxf5 gxf5 21. Nf6+
Kg7 22. Nh5+ Kh8 23. Bd1 N8c6 24. a3 Nxe5 25. dxe5 Nd3 26. f4 Nxb2 27. Bb3 Nd3
28. Rfd1 Nc5 29. Rab1 Rfd8 30. Bc2 Bf3 31. Rxd8+ Rxd8 32. Nf6 Rd4 33. Rc1 Kg7
34. Kf2 Be4 35. Ke3 Rc4 36. Kd2 Bxc2 37. Rxc2 Rxc2+ 38. Kxc2 Kf8 39. Kc3 Ke7 40.
Kc4 a6 41. Ng8+ Kf8 42. Nf6 Kg7 43. Ne8+ Kg6 44. Nd6 h5 45. h4 f6 46. Kd4 Nd7
47. Nc8 fxe5+ 48. fxe5 Kf7 49. Nd6+ Ke7 50. Nc8+ Kd8 51. Nd6 Nf8 52. Nc4 Kc7 53.
a4 Ng6 54. a5 b5 55. Nd6 f4 56. gxf4 Nxf4 57. Ne8+ Kc6 58. Ng7 b4 59. Kc4 b3 60.
Kxb3 Kd5 61. Kb4 Kxe5 62. Kc5 Kf6 63. Ne8+ Ke7 64. Nc7 Ng6 65. Nxa6 Kd7 66. Nb8+
Kc7 67. Nc6 Nxh4 68. a6 Nf5 69. Na5 Kb8 70. Kb6 Ne7 71. a7+ Ka8 72. Nc4 h4 73.
Ka6 Nd5 74. Nd2 h3 75. Nf3 e5 76. Nh2 e4 77. Ng4 e3 {White resigns} 0-1

[Event "Team 45 45 League T57"]
[Site "Internet Chess Club"]
[Date "2013.05.25"]
[Round "1"]
[White "gcl"]
[Black "infiniteshug"]
[Result "0-1"]
[WhiteElo "1634"]
[BlackElo "1803"]
[Opening "Caro-Kann: Steinitz variation"]
[ECO "B17"]
[Time "07:02:31"]
[TimeControl "2700+45"]

1. e4 c6 2. d4 d5 3. Nc3 dxe4 4. Nxe4 Nd7 5. Ng5 Ngf6 6. Bd3 e6 7. N1f3 h6 8.
Nxe6 Qe7 9. O-O fxe6 10. Bg6+ Kd8 11. Bf4 Nh7 12. Qd2 Ng5 13. Ne5 Nxe5 14. dxe5+
Kc7 15. Be3 Kb8 16. Rfd1 Nf7 17. f4 h5 18. b4 h4 19. Bc5 Qc7 20. Be3 h3 21. g3
Nh6 22. f5 Ng4 23. Bf4 Qb6+ 24. Qd4 c5 25. Qd8 Qc6 26. Rd2 cxb4 27. Qd6+ Bxd6
28. exd6 e5 29. Bg5 b6 30. Bf7 Qc5+ 31. Kf1 Ba6+ {White resigns} 0-1

[Event "Team 45 45 League T57"]
[Site "Internet Chess Club"]
[Date "2013.05.28"]
[Round "1"]
[White "clarinetref"]
[Black "parrot9"]
[Result "0-1"]
[WhiteElo "1594"]
[BlackElo "1663"]
[Opening "Sicilian, Chekhover variation"]
[ECO "B53"]
[Time "14:07:12"]
[TimeControl "2700+45"]

1. e4 c5 2. Nf3 d6 3. d4 cxd4 4. Qxd4 Nc6 5. Bb5 Bd7 6. Bxc6 Bxc6 7. Nc3 e6 8.
Be3 Nf6 9. h3 Be7 10. a4 O-O 11. O-O d5 12. e5 Nd7 13. Qg4 Re8 14. Bh6 Bf8 15.
Rfe1 Qa5 16. Bd2 Qb6 17. b3 Rac8 18. a5 Qc7 19. b4 d4 20. Qxd4 Bxf3 21. gxf3
Red8 22. Nb5 Nxe5 23. Qxe5 Qxe5 24. Rxe5 Rxd2 25. Rc1 a6 26. Na3 Bxb4 27. Nb1
Rdxc2 28. Rxc2 Rxc2 29. Re3 Rc1+ 30. Kg2 Rxb1 31. Rd3 Kf8 32. Rd8+ Ke7 33. Rh8
h6 34. Rh7 Kf6 35. Rh8 Bxa5 36. Rb8 Rb2 {White resigns} 0-1

[Event "Team 45 45 League T57"]
[Site "Internet Chess Club"]
[Date "2013.05.25"]
[Round "1"]
[White "Invicta-Knight"]
[Black "tryanything"]
[Result "1/2-1/2"]
[WhiteElo "1480"]
[BlackElo "1547"]
[Opening "French: advance, Milner-Barry gambit"]
[ECO "C02"]
[Time "06:20:36"]
[TimeControl "2700+45"]

1. e4 e6 2. d4 d5 3. e5 c5 4. c3 Nc6 5. Nf3 Qb6 6. Bd3 Bd7 7. O-O cxd4 8. cxd4
Nxd4 9. Nxd4 Qxd4 10. Qe2 Qc5 11. Nc3 a6 12. Be3 Qc7 13. Bd4 Ne7 14. f4 Nc6 15.
Bf2 b5 16. Rac1 Be7 17. a3 O-O 18. b4 f6 19. Qh5 f5 20. g4 Be8 21. Qh3 Bg6 22.
g5 Qd7 23. Ne2 Rfc8 24. Qe3 Be8 25. h4 Bf8 26. Ng3 g6 27. Be2 Ne7 28. h5 Rxc1
29. Rxc1 Rc8 30. hxg6 Rxc1+ 31. Qxc1 Bxg6 32. Bh5 Qc6 33. Qxc6 Nxc6 34. Bf3 a5
35. Be2 axb4 36. axb4 Nxb4 37. Bxb5 Kf7 38. Ne2 h6 39. Bh4 Be7 40. Kg2 hxg5 41.
Bxg5 Bc5 42. Bh4 Bh5 43. Kf1 Bxe2+ 44. Kxe2 Nc2 45. Kd3 Nb4+ 46. Ke2 d4 47. Be1
Nd5 48. Kf3 Nc3 49. Bc4 Ne4 {Game drawn by mutual agreement} 1/2-1/2

[Event "Team 45 45 League T57"]
[Site "Internet Chess Club"]
[Date "2013.05.28"]
[Round "1"]
[White "PostMike"]
[Black "dscvdchk"]
[Result "0-1"]
[WhiteElo "1555"]
[BlackElo "1534"]
[Opening "Scandinavian (center counter) defense"]
[ECO "B01"]
[Time "16:09:37"]
[TimeControl "2700+45"]

1. e4 d5 2. exd5 Qxd5 3. Nc3 Qa5 4. d4 c6 5. Nf3 Nf6 6. Ne5 Nbd7 7. Nc4 Qd8 8.
Bg5 h6 9. Bh4 b5 10. Ne5 Nxe5 11. dxe5 Qxd1+ 12. Rxd1 Nh5 13. Be2 Nf4 14. Bf3
Bd7 15. O-O Rc8 16. a3 Ng6 17. Bg3 e6 18. Rd2 Ne7 19. Ne4 Nd5 20. Rfd1 Be7 21.
Be2 O-O 22. c4 bxc4 23. Bxc4 Rfd8 24. Rc2 Be8 25. b4 Nb6 26. Rdc1 Rd4 27. f3
Rcd8 28. Be2 f5 29. exf6 gxf6 30. Bf2 R4d5 31. Be3 Kg7 32. Kf2 f5 33. Nd2 e5 34.
Nc4 Nc8 35. f4 exf4 36. Bxf4 Bf6 37. Bf3 Bd4+ 38. Be3 Bxe3+ 39. Nxe3 Rd2+ 40.
Rxd2 Rxd2+ 41. Kg3 Ne7 42. Nc4 Rd3 43. Kf2 Nd5 44. Ke2 Nf4+ 45. Kf2 Rxa3 46.
Nxa3 Nd3+ 47. Ke2 Nxc1+ 48. Kd2 Na2 49. Nc2 Kf6 50. Kd3 Ke5 51. Kc4 Nc1 52. Nd4
Bf7+ 53. Kc3 Na2+ 54. Kd3 Nxb4+ 55. Ke3 f4+ {White resigns} 0-1

[Event "Team 45 45 League T57"]
[Site "Internet Chess Club"]
[Date "2013.05.26"]
[Round "1"]
[White "Aquaman"]
[Black "SeniorCitizen"]
[Result "0-1"]
[WhiteElo "1334"]
[BlackElo "1348"]
[Opening "Réti opening"]
[ECO "A04"]
[Time "15:00:41"]
[TimeControl "2700+45"]

1. Nf3 Nc6 2. g3 d5 3. Bg2 Nf6 4. d3 e6 5. Nbd2 Be7 6. O-O O-O 7. Re1 e5 8. e4
d4 9. h3 Bd7 10. Nc4 Qc8 11. Kh2 b5 12. Ncxe5 Nxe5 13. Nxe5 Rb8 14. Nxd7 Qxd7
15. a3 c5 16. Bf4 Rbc8 17. b3 Rfe8 18. Qf3 g6 19. e5 Nh5 20. Bh6 c4 21. b4 Bf8
22. Bxf8 Kxf8 23. h4 Rc7 24. Qd5 Qxd5 25. Bxd5 Ng7 26. dxc4 bxc4 27. Bg2 Rd8 28.
Re4 d3 29. cxd3 cxd3 30. Rd1 d2 31. Re2 Rc2 32. Be4 Ra2 33. Re3 Nf5 34. Bxf5
gxf5 35. Kg2 Kg7 36. Kf1 Rc8 37. Ke2 Rd8 38. f4 Rd4 39. Rd3 Rxd3 40. Kxd3 Rxa3+
41. Kc4 Rxg3 42. Rxd2 Rg4 43. Rd4 Rxh4 44. Kb5 Rh6 45. Kc5 Re6 46. Rd6 h5 47.
Rd1 h4 48. Rh1 Rh6 49. b5 h3 50. Kd5 h2 51. Kc4 Kf8 52. Kb4 Ke7 53. Kc5 f6 54.
exf6+ Kxf6 55. Kd4 Ke7 56. Ke5 Rh5 57. Kd5 Kd7 58. Kc5 Rh6 59. Kd5 Kc7 60. Kc5
Kb7 61. Kd5 Kb6 62. Kc4 Rh4 63. Kd3 Kxb5 64. Ke3 Kc5 65. Kf3 a5 66. Kg2 a4 67.
Ra1 h1=Q+ 68. Rxh1 Rxh1 69. Kxh1 Kc4 {White resigns} 0-1

[Event "Team 45 45 League T57"]
[Site "Internet Chess Club"]
[Date "2013.06.02"]
[Round "1"]
[White "jjaco"]
[Black "semperfi"]
[Result "0-1"]
[WhiteElo "1080"]
[BlackElo "1373"]
[Opening "French: Tarrasch, closed variation"]
[ECO "C05"]
[Time "10:00:45"]
[TimeControl "2700+45"]

1. e4 e6 2. d4 d5 3. Nd2 Nf6 4. Ngf3 dxe4 5. Nxe4 Nxe4 6. Bd3 Nf6 7. O-O c5 8.
c3 Nc6 9. Be3 cxd4 10. cxd4 Bd6 11. Bb5 O-O 12. a3 Qb6 13. Bxc6 Qxc6 14. Rc1 Qd7
15. Re1 b6 16. Qd3 Bb7 17. Qb3 Bxf3 18. gxf3 Qb7 19. Bg5 Nd5 20. Qd3 Nf4 21.
Bxf4 Bxf4 22. Rcd1 Qe7 23. h3 Qh4 24. Re4 Rad8 25. Kf1 Rd6 26. Qc4 Qxh3+ 27. Ke2
Qf5 28. Qc7 Qb5+ 29. Rd3 Qxb2+ 30. Kf1 Qb1+ 31. Ke2 Qb2+ 32. Kf1 Qc1+ 33. Qxc1
Bxc1 34. Rc3 Bb2 35. Rc7 Rxd4 36. Re2 Bxa3 37. Rxa7 Bc5 38. Rea2 h5 39. Kg2 h4
40. Rb7 g5 41. Re2 Kg7 42. Re5 Kf6 43. Re2 Rh8 44. Rc7 h3+ 45. Kh1 Rd1+ 46. Kh2
Bd6+ 47. Re5 Bxe5+ 48. f4 Bxf4# {White checkmated} 0-1

[Event "Team 45 45 League T57"]
[Site "Internet Chess Club"]
[Date "2013.05.26"]
[Round "1"]
[White "RobertBuice"]
[Black "theartist"]
[Result "1/2-1/2"]
[WhiteElo "1057"]
[BlackElo "1122"]
[Opening "Queen's Indian: 4.Nc3"]
[ECO "E12"]
[Time "13:16:56"]
[TimeControl "2700+45"]

1. d4 Nf6 2. c4 e6 3. Nf3 b6 4. Nc3 Bb4 5. Bf4 Bb7 6. e3 Ne4 7. Nd2 Nxd2 8. Qxd2
d6 9. a3 Bxc3 10. bxc3 Nd7 11. d5 e5 12. Bg3 Nf6 13. Be2 Ne4 14. Qc2 Nc5 15. O-O
O-O 16. e4 Qf6 17. a4 Bc8 18. a5 Bd7 19. axb6 axb6 20. Ra2 Ra4 21. h3 Rxa2 22.
Qxa2 Nxe4 23. Qa7 Rc8 24. Ra1 Qd8 25. Bg4 Bxg4 26. hxg4 Nxc3 27. Qb7 Ne2+ 28.
Kf1 Nxg3+ 29. fxg3 g6 30. g5 Kg7 31. Ke2 f6 32. gxf6+ Kxf6 33. Rf1+ Kg7 34. Kf3
Qd7 35. Qa6 Rf8+ 36. Ke2 Rxf1 37. Kxf1 Qf5+ 38. Ke2 Qg4+ 39. Kf2 Qd4+ 40. Ke2
Qc5 41. Kd3 Kf6 42. Qb7 Kg5 43. Qc8 Qd4+ 44. Ke2 Qxc4+ 45. Ke3 Qd4+ 46. Kf3
Qxd5+ 47. Kf2 Qc5+ 48. Kf3 Qc4 49. g4 b5 50. Qd8+ Kh6 51. Qf8+ Kg5 52. Qd8+ Kh6
53. Qf8+ Kg5 54. Qd8+ {Game drawn by repetition} 1/2-1/2

[Event "Team 45 45 League T57"]
[Site "Internet Chess Club"]
[Date "2013.05.26"]
[Round "1"]
[White "seattleblues"]
[Black "Conjurer"]
[Result "1-0"]
[WhiteElo "1460"]
[BlackElo "1456"]
[Opening "King's Indian: London system"]
[ECO "A48"]
[Time "21:24:43"]
[TimeControl "2700+45"]

1. d4 Nf6 2. Nf3 g6 3. Bf4 Bg7 4. e3 O-O 5. Be2 d6 6. h3 Nbd7 7. O-O c5 8. c3
Nd5 9. Bh2 cxd4 10. exd4 N7f6 11. Nbd2 Bf5 12. Nh4 Be6 13. c4 Nb6 14. b4 Rc8 15.
Rc1 d5 16. c5 Nbd7 17. Re1 Nb8 18. b5 Nh5 19. Nb3 b6 20. c6 g5 21. Bxh5 gxh4 22.
c7 Qd7 23. cxb8=Q Rxb8 24. Bxb8 Rxb8 25. a4 a6 26. Bg4 {Black resigns} 1-0

[Event "Team 45 45 League T57"]
[Site "Internet Chess Club"]
[Date "2013.05.27"]
[Round "1"]
[White "kirkig"]
[Black "medsurg"]
[Result "1-0"]
[WhiteElo "1082"]
[BlackElo "1301"]
[Opening "QGD semi-Slav"]
[ECO "D43"]
[Time "20:00:24"]
[TimeControl "2700+45"]

1. d4 d5 2. Nf3 Nf6 3. c4 e6 4. Nc3 c6 5. Bf4 Bd6 6. Bg3 Bxg3 7. hxg3 Nbd7 8. e3
Qc7 9. Bd3 Nf8 10. Ne5 dxc4 11. Bxc4 b5 12. Bd3 b4 13. Ne4 Nxe4 14. Bxe4 Bb7 15.
Rc1 Qa5 16. Nxc6 Bxc6 17. Bxc6+ Nd7 18. Bxa8 O-O 19. Bc6 Nf6 20. Rc5 Qxa2 21.
O-O Qxb2 22. Qb1 Qe2 23. Qd1 Qa2 24. Qa4 Qe2 25. Re1 Qg4 26. Bf3 Qg6 27. Qxb4 h5
28. Rec1 Nd5 29. Bxd5 exd5 30. Rc8 Rxc8 31. Rxc8+ Kh7 32. Qf8 Qe6 33. Re8 Qg4
34. Qh8+ Kg6 35. Rg8 {Black resigns} 1-0

[Event "Team 45 45 League T57"]
[Site "Internet Chess Club"]
[Date "2013.05.23"]
[Round "1"]
[White "tcianciola"]
[Black "wekabird"]
[Result "1-0"]
[WhiteElo "1230"]
[BlackElo "1067"]
[Opening "QGD semi-Slav"]
[ECO "D43"]
[Time "19:00:09"]
[TimeControl "2700+45"]

1. d4 d5 2. c4 c6 3. Nc3 e6 4. Nf3 Nf6 5. Bg5 Be7 6. e3 O-O 7. Be2 b6 8. O-O
dxc4 9. Bxc4 Ba6 10. Bxa6 Nxa6 11. h3 Nc7 12. Re1 Ncd5 13. e4 Nxc3 14. bxc3 Nd7
15. Bd2 g6 16. Bh6 Re8 17. Qd2 Bf8 18. Bxf8 Rxf8 19. Qh6 Qf6 20. Ng5 Qg7 21. Qh4
Rae8 22. e5 h6 23. Ne4 f6 24. Nd6 Re7 25. Re2 f5 26. Rae1 b5 27. Qf4 Nb6 28. Qf3
Nd5 29. h4 f4 30. Ne4 Rf5 31. Nf6+ Nxf6 32. exf6 Qxf6 33. Qxc6 e5 34. Qxf6 Rxf6
35. Rxe5 Rxe5 36. Rxe5 Rc6 37. Rxb5 Rxc3 38. Rb8+ Kf7 39. Rb7+ Kf6 40. Rxa7 Rc1+
41. Kh2 Rf1 42. f3 Rf2 43. Ra4 g5 44. hxg5+ hxg5 45. Ra3 Rd2 46. Ra4 Rc2 47. d5
Rc5 48. d6 Ke6 49. Ra6 Rd5 50. a4 Rxd6 51. Rxd6+ Kxd6 52. a5 Kc7 53. a6 Kb8 54.
Kh3 Ka7 55. Kg4 Kxa6 56. Kxg5 {Black resigns} 1-0

[Event "Team 45 45 League T57"]
[Site "Internet Chess Club"]
[Date "2013.05.25"]
[Round "1"]
[White "WilmaP"]
[Black "WzeroMN"]
[Result "0-1"]
[WhiteElo "1060"]
[BlackElo "1068"]
[Opening "Ruy Lopez: Berlin defense"]
[ECO "C65"]
[Time "13:35:16"]
[TimeControl "2700+45"]

1. e4 e5 2. Nf3 Nc6 3. Bb5 Nf6 4. d3 Be7 5. a3 O-O 6. O-O a6 7. Bc4 Re8 8. c3
Bc5 9. Re1 d6 10. b4 Ba7 11. Qb3 Be6 12. Ng5 Bxc4 13. Qxc4 Rf8 14. Qa2 b5 15.
Qe2 h6 16. Nh3 Qd7 17. Qf3 Qg4 18. Qxg4 Nxg4 19. Be3 Nxe3 20. fxe3 f5 21. exf5
Rxf5 22. Nd2 Raf8 23. Kh1 R5f7 24. Re2 g5 25. g4 Ne7 26. d4 Nd5 27. Rc1 exd4 28.
cxd4 Nf6 29. Rg1 c5 30. Rg3 c4 31. Kg2 Nd5 32. Ne4 c3 33. Nxd6 Rf1 34. Ne4 Bb8
35. Rf2 R1xf2+ 36. Nexf2 Bxg3 37. hxg3 c2 38. Nd3 Rc8 39. Nc1 Re8 40. Ng1 Rxe3
41. Kf2 Rxa3 42. Nge2 Rb3 43. Nxb3 Nxb4 44. Nbc1 a5 45. Nc3 a4 46. Nxb5 Na2 47.
Na3 Nxc1 48. Nxc2 Nd3+ 49. Ke2 Nc1+ 50. Kd1 Nb3 51. d5 Nc5 52. Kc1 Kf7 53. Kb2
Ke7 54. Nb4 Kf6 55. Ka3 Ke5 56. Nd3+ Kxd5 57. Nxc5 Kxc5 58. Kxa4 Kd5 59. Kb4 Ke4
60. Kc5 Kf3 61. Kd5 Kxg3 62. Ke5 Kxg4 63. Kf6 h5 64. Kg6 h4 65. Kh6 h3 {White
resigns} 0-1

[Event "Team 45 45 League T57"]
[Site "Internet Chess Club"]
[Date "2013.05.25"]
[Round "1"]
[White "RamRock"]
[Black "Constrictor"]
[Result "1-0"]
[WhiteElo "1881"]
[BlackElo "1689"]
[Opening "Caro-Kann: exchange variation"]
[ECO "B13"]
[Time "20:02:42"]
[TimeControl "2700+45"]

1. e4 c6 2. d4 d5 3. exd5 cxd5 4. Bd3 Nc6 5. c3 Nf6 6. h3 e5 7. dxe5 Nxe5 8. Qe2
Qe7 9. Bc2 Bd7 10. Bg5 O-O-O 11. Nd2 Re8 12. Be3 a6 13. a4 Qe6 14. Ngf3 Bc5 15.
Nd4 Bxd4 16. cxd4 Nc6 17. Qd3 Qd6 18. O-O Kb8 19. Nb3 Nb4 20. Qd2 Nxc2 21. Bf4
Nxa1 22. Bxd6+ Ka8 23. Rxa1 Ne4 24. Qb4 Rc8 25. Nc5 Nxd6 26. Nxd7 {Black
resigns} 1-0

[Event "Team 45 45 League T57"]
[Site "Internet Chess Club"]
[Date "2013.05.23"]
[Round "1"]
[White "Hal2001"]
[Black "kidcobra"]
[Result "0-1"]
[WhiteElo "1610"]
[BlackElo "1756"]
[Opening "Scotch gambit: Dubois-Réti defense"]
[ECO "C55"]
[Time "14:14:31"]
[TimeControl "2700+45"]

1. e4 e5 2. Nf3 Nc6 3. d4 exd4 4. Bc4 Nf6 5. e5 d5 6. Bb5 Ne4 7. Nxd4 Bd7 8.
Bxc6 bxc6 9. O-O Bc5 10. Be3 Bxd4 11. Qxd4 Ng5 12. Bxg5 Qxg5 13. f4 Qf5 14. Qc5
Qe6 15. Nd2 Qe7 16. Nb3 Qxc5+ 17. Nxc5 Rb8 18. Rab1 Bf5 19. Rf2 Rb5 20. b4 a5
21. a3 O-O 22. Na6 Rb6 23. b5 Rc8 24. a4 cxb5 25. axb5 c6 26. Nc5 cxb5 27. Nd3
Bxd3 28. cxd3 b4 29. Ra2 Rb5 30. Rba1 Ra8 31. Kf2 g6 32. Ke3 b3 33. Ra4 b2 34.
Rb1 Rc8 35. Kd2 Kf8 36. Ra2 Rcb8 37. Kc2 h5 38. Raxb2 Rxb2+ 39. Rxb2 Rxb2+ 40.
Kxb2 Ke7 41. Kb3 Ke6 42. Ka4 Kf5 43. g3 Kg4 44. Kxa5 Kh3 45. Kb5 Kxh2 46. Kc5
Kxg3 47. Kxd5 h4 48. Ke4 h3 49. d4 h2 {White resigns} 0-1